 Dungeon Crawl Stone Soup version 0.24-a0-130-ga3c21ff (webtiles) character file.

Game seed: 13600483853708006327

19024 gruber the Severer (level 12, -5/117 HPs)
             Began as a Hill Orc Fighter on Feb 26, 2019.
             Was a High Priest of Okawaru.
             Slain by a white ugly thing (6 damage)
             ... in an ice cave.
             The game lasted 00:26:27 (15082 turns).

gruber the Severer (Hill Orc Fighter)              Turns: 15082, Time: 00:26:28

Health: -5/117     AC: 11    Str: 33    XL:     12   Next: 64%
Magic:  1/3        EV: 13    Int:  8    God:    Okawaru [*****.]
Gold:   774        SH: 14    Dex: 10    Spells: 11/11 levels left

rFire    . . .     SeeInvis .   T - -1 broad axe (curse)
rCold    + . .     Gourm    .   c - +0 shield
rNeg     + . .     Faith    .   A - +0 leather armour of the Cockatrice {MR+ MP-9 Str+9 Stlth+} (curse)
rPois    .         Spirit   .   P - +1 hat {MR+}
rElec    .         Reflect  .   d - +1 cloak "Fujousao" {rN+ Dex+2}
rCorr    .         Harm     .   (no gloves)
MR       ++...                  a - +1 pair of boots {run}
Stlth    +++.......             (no amulet)
HPRegen  0.29/turn              k - ring of protection from cold
MPRegen  0.08/turn              r - -2 ring of dexterity (curse)

@: heroism, quick
A: no striking features
a: Heroism, Finesse, Renounce Religion


You were in an ice cave.
You worshipped Okawaru.
Okawaru was extremely pleased with you.
You were not hungry.

You visited 1 branch of the dungeon, and saw 13 of its levels.
You also visited: Bailey and Ice Cave.

You collected 774 gold pieces.

Inventory:

Hand Weapons
 I - a +2 shortbow of velocity
 M - a +0 blowgun
 T - a cursed -1 broad axe (weapon)
Missiles
 J - 216 arrows
 K - 5 curare-tipped needles
Armour
 a - a +1 pair of boots of running (worn)
 c - a +0 shield (worn)
 d - the +1 cloak "Fujousao" (worn) {rN+ Dex+2}
   (You found it in a bailey)

   It affects your dexterity (+2).
   It protects you from negative energy.
 v - +2 fire dragon scales
 A - the cursed +0 leather armour of the Cockatrice (worn) {MR+ MP-9 Str+9 Stlth+}
   (You found it on level 6 of the Dungeon)

   It affects your strength (+9).
   It affects your resistance to hostile enchantments.
   It affects your magic capacity (-9).
   It makes you more stealthy.
   It has a curse placed upon it.
 P - a +1 hat of magic resistance (worn)
Jewellery
 k - a ring of protection from cold (left hand)
 r - a cursed -2 ring of dexterity (right hand)
 S - an uncursed ring of fire {unknown}
Wands
 L - a wand of random effects (7)
 N - a wand of iceblast (15)
Scrolls
 g - 7 scrolls of teleportation
 i - 3 scrolls of amnesia {unknown}
 l - a scroll of random uselessness {unknown}
 m - 4 scrolls of identify {unknown}
 n - 2 scrolls of fear
 o - 4 scrolls of blinking
 p - a scroll of noise {unknown}
 s - 3 scrolls of fog {unknown}
 w - 2 scrolls of remove curse {unknown}
 y - a scroll of magic mapping
 O - a scroll of enchant armour {unknown}
 Q - a scroll of immolation {unknown}
 R - a scroll of silence {unknown}
Potions
 e - a potion of curing
 h - 3 potions of agility
 j - 3 potions of magic {unknown}
 q - a potion of lignification {unknown}
 u - 2 potions of degeneration {unknown}
 x - a potion of heal wounds {unknown}
 z - 3 potions of flight {unknown}
 C - a potion of haste {unknown}
 D - a potion of mutation {unknown}
 E - a potion of invisibility {unknown}
 G - a potion of berserk rage {unknown}
 H - 4 potions of cancellation {unknown}
Comestibles
 f - 19 rations


   Skills:
 - Level 14.0(19.0) Fighting
 * Level 15.4(20.4) Axes
 - Level 10.0(15.0) Armour
 - Level 9.1(14.1) Shields
 - Level 0.2 Evocations


You had 11 spell levels left.
You didn't know any spells.
Your spell library contained the following spells:

 Spells                   Type           Power        Failure   Level  Hunger
 Beastly Appendage        Tmut           #.....       45%         1    ##.....
 Corona                   Hex            #......      45%         1    ##.....
 Infusion                 Chrm           #...         45%         1    ##.....
 Sandblast                Erth           #.....       45%         1    ##.....
 Shock                    Conj/Air       #...         45%         1    ##.....
 Passwall                 Tmut/Erth      #.......     61%         2    ###....
 Shroud of Golubria       Chrm/Tloc      #.........   61%         2    ###....
 Slow                     Hex            #.......     61%         2    ###....
 Song of Slaying          Chrm           #.......     61%         2    ###....
 Sticks to Snakes         Tmut           #.......     61%         2    ###....
 Swiftness                Chrm/Air       #.......     61%         2    ###....
 Inner Flame              Hex/Fire       #.......     83%         3    ####...
 Portal Projectile        Hex/Tloc       #.....       83%         3    ####...
 Regeneration             Chrm/Necr      #.........   83%         3    ####...
 Spectral Weapon          Hex/Chrm       #.......     83%         3    ####...
 Spider Form              Tmut/Pois      #.........   83%         3    ####...
 Static Discharge         Conj/Air       #.......     83%         3    ####...
 Stone Arrow              Conj/Erth      #.....       83%         3    ####...
 Airstrike                Air            #.........   99%         4    #####..
 Cause Fear               Hex            #.........   99%         4    #####..
 Ice Form                 Ice/Tmut       #.......     99%         4    #####..
 Leda's Liquefaction      Hex/Erth       #.........   99%         4    #####..
 Petrify                  Tmut/Erth      #.......     99%         4    #####..
 Blade Hands              Tmut           #.........   100%        5    ######.
 Lee's Rapid Deconstruct  Erth           #.........   100%        5    ######.
 Lightning Bolt           Conj/Air       #.........   100%        5    ######.


Dungeon Overview and Level Annotations

Branches:
Dungeon (13/15)            Temple (0/1) D:6            Lair (0/6) D:8
    Orc (0/2) D:9
 Vaults: D:13-14

Altars:
Ashenzari
Dithmenos
Elyvilon
Fedhas
Hepliaklqana
Makhleb
Okawaru
Ru
Sif Muna
Trog
Xom
Zin

Annotations:
D:4 1 runed translucent door, arkorax's ghost, novice GnAr
D:11 1 runed translucent door


Message History

Okawaru accepts your kill.
The ice beast disappears in a puff of smoke! x3
You are engulfed in freezing vapours.
You resist.
* * * LOW HITPOINT WARNING * * *
The white ugly thing is engulfed in freezing vapours.
The white ugly thing is engulfed in freezing vapours.
You barely miss the white ugly thing.
The white ugly thing is lightly wounded.
You block the white ugly thing's attack.
You slice the white ugly thing like a ripe choko!!!
The white ugly thing is severely wounded.
You block the white ugly thing's attack.
You hit the white ugly thing but do no damage.
The white ugly thing is severely wounded.
You hit the white ugly thing but do no damage.
The white ugly thing is severely wounded.
The white ugly thing tail-slaps you!
* * * LOW HITPOINT WARNING * * *
The white ugly thing freezes you. You resist.
You die...

# ############# ## ##
##..[..#.....## .%?
.###......#......## ....
..#.......#....°@.# .....
..#.......#......u#......
..................°.§....
..#.......#.....°°#......
..#.......#.......#......
.###......#......## .....
## ##....[#.....## #..[%
# ############# ####


You could see a white ugly thing.

Vanquished Creatures
  Snorg (D:12)
  Josephine (D:11)
  A centaur warrior (D:13)
  A two-headed ogre (D:12)
  Nergalle (D:10)
  An unseen horror (D:11)
  An orc knight (Bailey)
  3 ugly things
  A manticore (D:12)
  A centaur zombie (D:13)
  3 ice statues (IceCv)
  A gargoyle (D:8)
  An efreet (D:12)
  2 ice devils (D:13)
  A troll (D:12)
  A hornet (D:9)
  2 hippogriffs
  A redback (shapeshifter) (D:12)
  Sigmund (D:5)
  A shadow (D:11)
  5 wraiths (D:11)
  A hog (shapeshifter) (D:13)
  A wyvern (D:9)
  13 yaks
  A hog (D:7)
  A human (D:7)
  A steam dragon (D:13)
  A soldier ant (D:12)
  9 orc warriors
  9 ice beasts
  A sky beast (D:10)
  A black bear (D:8)
  3 phantoms
  4 ogres
  7 centaurs
  2 crocodiles (D:12)
  3 big kobolds
  6 bullfrogs
  3 scorpions
  9 wights
  3 electric eels
  4 crimson imps
  A bullfrog zombie (D:11)
  2 quasits (D:12)
  4 hounds
  6 orc priests
  2 bullfrog skeletons
  3 centaur skeletons
  6 iguanas
  13 orc wizards
  5 worker ants
  A hound zombie (D:10)
  A mummy (D:13)
  A worker ant zombie (D:5)
  3 gnolls (D:6)
  A howler monkey skeleton (D:6)
  9 adders
  2 shadow imps
  An ooze (D:3)
  A worm (D:3)
  A dart slug (D:1)
  8 leopard geckos
  55 orcs
  6 giant cockroaches
  12 goblins
  7 hobgoblins
  13 jackals
  9 quokkas
  A ball python skeleton (D:4)
  11 bats
  4 frilled lizards
  20 kobolds
  A leopard gecko skeleton (D:8)
  A quokka skeleton (D:6)
  10 rats
  A bush (D:4)
  6 plants (D:4)
342 creatures vanquished.

Vanquished Creatures (others)
  An adder (D:9)
  6 plants (D:8)
  4 withered plants (D:13)
11 creatures vanquished.

Grand Total: 353 creatures vanquished

Notes
Turn   | Place    | Note
-------+----------+-------------------------------------------
     0 | D:1      | gruber the Hill Orc Fighter began the quest for the Orb.
     0 | D:1      | Reached XP level 1. HP: 19/19 MP: 1/1
    73 | D:1      | Reached skill level 3 in Axes
   102 | D:1      | Reached XP level 2. HP: 27/27 MP: 2/2
   574 | D:2      | Found a shimmering altar of Xom.
   575 | D:2      | Found a hazy altar of Hepliaklqana.
   576 | D:2      | Noticed a spectral ugly thing
   588 | D:2      | Reached XP level 3. HP: 33/33 MP: 3/3
   594 | D:2      | Reached skill level 4 in Axes
   765 | D:2      | Noticed a phantom
   908 | D:2      | Reached XP level 4. HP: 29/41 MP: 4/4
   979 | D:2      | Reached skill level 5 in Axes
  1231 | D:3      | Reached XP level 5. HP: 30/47 MP: 5/5
  1273 | D:3      | Reached skill level 6 in Axes
  1608 | D:3      | Found a bloodstained altar of Trog.
  1937 | D:4      | Noticed a phantom
  1938 | D:4      | Found a blossoming altar of Fedhas.
  1938 | D:4      | Found an iron altar of Okawaru.
  1939 | D:4      | Noticed an ogre
  1946 | D:4      | Killed an ogre
  1946 | D:4      | Reached skill level 7 in Axes
  1946 | D:4      | Reached XP level 6. HP: 23/55 MP: 6/6
  1952 | D:4      | Found a shadowy altar of Dithmenos.
  1952 | D:4      | Found a sacrificial altar of Ru.
  1960 | D:4      | Found a shattered altar of Ashenzari.
  1961 | D:4      | Killed a phantom
  1961 | D:4      | Reached skill level 5 in Fighting
  1961 | D:4      | Reached skill level 8 in Axes
  2180 | D:4      | Became a worshipper of Warmaster Okawaru
  2198 | D:4      | Found a runed translucent door.
  2199 | D:4      | Noticed arkorax's ghost (novice GnAr)
  2621 | D:4      | Reached XP level 7. HP: 56/61 MP: 7/7
  2908 | D:5      | Entered Level 5 of the Dungeon
  3207 | D:5      | Reached skill level 9 in Axes
  3613 | D:5      | Noticed Sigmund
  3620 | D:5      | Killed Sigmund
  3620 | D:5      | Reached * piety under Okawaru
  3620 | D:5      | Reached XP level 8. HP: 56/69 MP: 8/8
  4077 | D:6      | Reached skill level 5 in Armour
  4535 | D:6      | Got a pitted leather armour
  4847 | D:6      | Found a staircase to the Ecumenical Temple.
  5073 | D:6      | Reached skill level 5 in Shields
  5169 | D:6      | Reached ** piety under Okawaru
  5169 | D:6      | Reached skill level 10 in Axes
  5678 | D:7      | Noticed a yak
  5678 | D:7      | Noticed a yak
  5678 | D:7      | Noticed a yak
  5698 | D:7      | Reached XP level 9. HP: 66/75 MP: 6/9
  5722 | D:7      | Reached skill level 11 in Axes
  5731 | D:7      | Reached *** piety under Okawaru
  6066 | D:8      | Found a staircase to the Lair.
  6067 | D:8      | Noticed a komodo dragon
  6119 | D:8      | Noticed a gargoyle
  6124 | D:8      | Killed a gargoyle
  6237 | D:8      | Found a burning altar of Makhleb.
  6245 | D:8      | Found a glowing silver altar of Zin.
  6246 | D:8      | Noticed an angel
  6255 | D:8      | Noticed a balrug
  6593 | D:8      | Reached skill level 12 in Axes
  6593 | D:8      | Reached XP level 10. HP: 45/86 MP: 10/10
  7440 | D:9      | Found a flagged portal.
  7548 | Bailey   | Entered a bailey
  7613 | Bailey   | Noticed an orc knight
  7657 | Bailey   | Reached **** piety under Okawaru
  8204 | Bailey   | Killed an orc knight
  8509 | Bailey   | Got a pitted cloak
  8533 | Bailey   | Identified the +1 cloak "Fujousao" {rN+ Dex+2} (You found
                  | it in a bailey)
  8707 | Bailey   | Noticed an orc knight
  9493 | D:9      | Found a staircase to the Orcish Mines.
  9700 | D:9      | Paralysed by a hornet for 2 turns
  9818 | D:9      | Found a deep blue altar of Sif Muna.
 10048 | D:9      | Reached skill level 10 in Armour
 10346 | D:10     | Entered Level 10 of the Dungeon
 10450 | D:10     | Noticed a green ugly thing
 10467 | D:10     | Killed a green ugly thing
 10467 | D:10     | Reached ***** piety under Okawaru
 10467 | D:10     | Reached XP level 11. HP: 70/97 MP: 11/11
 10715 | D:10     | Noticed Nergalle
 10741 | D:10     | Killed Nergalle
 10741 | D:10     | Received a gift from Okawaru
 10741 | D:10     | Reached skill level 10 in Fighting
 11122 | D:10     | Found an iron altar of Okawaru.
 11462 | D:11     | Noticed Josephine
 11484 | D:11     | Killed Josephine
 11840 | D:11     | Found a white marble altar of Elyvilon.
 11840 | D:11     | Found a runed translucent door.
 11840 | D:11     | Noticed an angel
 11879 | D:11     | Killed an unseen horror
 12550 | D:12     | Noticed Snorg
 12586 | D:12     | Killed Snorg
 12593 | D:12     | Received a gift from Okawaru
 12815 | D:12     | Identified a +1 pair of boots of running (Okawaru gifted it
                  | to you on level 12 of the Dungeon)
 13068 | D:12     | Noticed a green ugly thing
 13081 | D:12     | Killed a green ugly thing
 13081 | D:12     | Reached XP level 12. HP: 96/117 MP: 12/12
 13422 | D:12     | Noticed a two-headed ogre
 13434 | D:12     | Killed a two-headed ogre
 13434 | D:12     | Reached skill level 13 in Axes
 13948 | D:13     | Noticed a centaur warrior
 13972 | D:13     | Killed a centaur warrior
 13972 | D:13     | Reached skill level 14 in Axes
 13985 | D:13     | Found a frozen archway.
 14216 | D:13     | Identified the cursed +0 leather armour of the Cockatrice
                  | {MR+ MP-9 Str+9 Stlth+} (You found it on level 6 of the
                  | Dungeon)
 14217 | IceCv    | Entered an ice cave
 14274 | IceCv    | Reached skill level 15 in Axes
 15082 | IceCv    | HP: 1/117 [white ugly thing (11)]
 15082 | IceCv    | Slain by a white ugly thing

Levels and vault maps discovered:
D:1:      wander_arrival_abandoned_jail, layout_basic
D:2:      layout_rooms, regret_index_temple_of_mockery,
          chequers_serial_rivers_large_b, glass_columns_c,
          lightli_corner_chamber
D:3:      layout_rooms, first_ration, trog_butcher_becter
D:4:      layout_rooms, grunt_temple_overflow_open, ebering_ghost_sewer_d,
          lexackson_kobold_supper
D:5:      layout_gridville, uniq_sigmund
D:6:      layout_gridville, minmay_temple_entry_glassed_door,
          nicolae_lava_and_water
D:7:      layout_basic, grunt_livestock
D:8:      layout_loops_corners, grunt_temple_overflow_order_and_chaos_2,
          david_lair_shrubbed, chequers_serial_rivers_micro_d
D:9:      layout_basic, kennysheep_mini, erik_orc_2, enter_bailey_3,
          evilmike_minifort
D:10:     layout_loops_ring, okawaru_metal_pillars_3, uniq_nergalle
D:11:     layout_irregular_city, lemuel_angel_altar, uniq_josephine
D:12:     minmay_cornered_nines, layout_irregular_city, uniq_snorg
D:13:     layout_cross, portal_ice_cave_demonic_guard, serial_undead,
          serial_undead_f, serial_undead_e, serial_undead_c, serial_undead_a,
          serial_bayou_lagoon_b
Bailey:   bailey_polearm_1, bailey
IceCv:    ice_cave_statue_garden_chambered

Skill      XL: |  1  2  3  4  5  6  7  8  9 10 11 12 |
---------------+-------------------------------------+-----
Axes           | 3 4 5 7 8 9 10 12 15 | 15.4
Fighting       | 4 5 6 7 9 14 | 14.0
Armour         | 4 6 7 10 | 10.0
Shields        | 4 5 7 9 |  9.1
Evocations     | |  0.2

Action                   |  1- 3 |  4- 6 |  7- 9 | 10-12 || total
-------------------------+-------+-------+-------+-------++-------
Melee: War axe           |   126 |   178 |   412 |   468 ||  1184
       Broad axe         |       |       |       |   301 ||   301
Invok: Heroism           |       |       |     4 |    13 ||    17
       Finesse           |       |       |       |     1 ||     1
Evoke: Wand              |       |       |       |    12 ||    12
  Use: Potion            |       |     1 |       |     5 ||     6
       Scroll            |       |       |     4 |       ||     4
  Eat: Chunk             |       |     5 |    13 |    17 ||    35
       Ration            |       |       |       |     4 ||     4
Armor: Scale mail        |    67 |    72 |    93 |    43 ||   275
       Fire dragon scale |       |       |       |   285 ||   285
       Leather armour    |       |       |       |    10 ||    10
Dodge: Dodged            |    47 |    38 |    84 |   215 ||   384
Block: Shield            |    71 |    81 |   158 |   448 ||   758

Table legend:
 A = Non-vault XP
 B = Vault XP
 C = Vault XP percentage of total XP
 D = Non-vault monster count
 E = Vault monster count
 F = Vault count percentage of total count
                 A         B        C        D         E       F
            +---------+---------+-------+---------+---------+-------
      Total |   14967 |   12211 |  44.9 |     259 |      77 |  22.9
            +---------+---------+-------+---------+---------+-------
        D:1 |      25 |       0 |   0.0 |      14 |       0 |   0.0
        D:2 |      69 |       0 |   0.0 |      33 |       0 |   0.0
        D:3 |     112 |       7 |   5.9 |      28 |       4 |  12.5
        D:4 |     339 |     115 |  25.3 |       8 |       8 |  50.0
        D:5 |     370 |     227 |  38.0 |      19 |       1 |   5.0
        D:6 |     696 |       0 |   0.0 |      15 |       0 |   0.0
        D:7 |     303 |     988 |  76.5 |       8 |       5 |  38.5
        D:8 |    1998 |       0 |   0.0 |      36 |       0 |   0.0
        D:9 |    1863 |     633 |  25.4 |      25 |      23 |  47.9
       D:10 |    1336 |     816 |  37.9 |      21 |       1 |   4.5
       D:11 |    1250 |    2060 |  62.2 |       7 |       6 |  46.2
       D:12 |    4708 |    2574 |  35.3 |      33 |       4 |  10.8
       D:13 |    1898 |    1138 |  37.5 |      12 |       4 |  25.0
     Bailey |       0 |     923 | 100.0 |       0 |      11 | 100.0
      IceCv |       0 |    2730 | 100.0 |       0 |      10 | 100.0
            +---------+---------+-------+---------+---------+-------
